AoeStats
← 一条固执的鱼

MegaRandom

506086692Analyzed
3v3 RM · 20d ago on Sep 12, 2026· 40m 26s· 6 players
Game mode
Random Map
Map size
Normal (6 player)
Population
200
Speed
Normal
Resources
Standard
Victory
Conquest
Starting age
Dark Age
Ending age
Imperial Age
RankedLock teamsTeams togetherTeam positionsShared explorationLock speedFull tech treeHidden civsTurbo modeCheats
Victory
Defeat
🇰🇿 Khmer · Kazakhstan
1195
+16
🇨🇭 Burmese · Switzerland
1188
+16
🇪🇸 Huns · Spain
1144
+18
🇰🇷 Spanish · South Korea
1221
-18
🇨🇳 Mongols · China
1168
-16
🇨🇳 Britons · China
1163
-16
luca.1104
11:24 Feudal Age
11:28 Man-at-Arms
14:25 Arson
17:30 Loom
20:23 Castle Age
19:40 Horse Collar
26:35 Long Swordsman
30:53 Imperial Age
31:40 Wheelbarrow
31:52 Fletching
33:34 Heavy Plow
34:01 Scale Mail Armor
33:49 Two-Handed Swordsman
36:06 Gambesons
36:26 Squires
38:18 Chemistry
36:58 Champion
38:58 Chain Mail Armor
El Boss
9:59 Loom
13:01 Feudal Age
13:37 Double-Bit Axe
14:04 Fishing Lines
16:42 Fletching
19:19 Castle Age
17:55 Stone Mining
17:56 Gold Mining
19:44 Wheelbarrow
19:49 Forging
20:24 Bow Saw
23:42 Hand Cart
28:47 Imperial Age
26:09 Horse Collar
27:00 Heavy Plow
28:29 Town Watch
28:57 Scale Barding Armor
29:19 Town Patrol
29:36 Marauders
31:09 Chain Barding Armor
31:27 Iron Casting
31:17 Husbandry
31:27 Bloodlines
32:03 Conscription
35:32 Plate Barding Armor
35:57 Blast Furnace
36:33 Two-Man Saw
38:49 Elite Tarkan
DarkDaiver
1:18 Loom
12:26 Feudal Age
15:37 Castle Age
14:21 Double-Bit Axe
14:21 Fishing Lines
14:36 Horse Collar
17:47 Bow Saw
19:33 Wheelbarrow
19:11 Heavy Plow
19:38 Gold Mining
19:42 Stone Mining
21:57 Fletching
22:32 Forging
24:20 Scale Barding Armor
25:43 Iron Casting
25:23 Bloodlines
25:30 Gillnets
26:42 Chain Barding Armor
27:40 Gold Shaft Mining
28:30 Bodkin Arrow
29:50 Hand Cart
29:00 Light Cavalry
29:03 Elite Skirmisher
30:37 Husbandry
31:57 Ballistics
32:36 Padded Archer Armor
34:48 Leather Archer Armor
37:08 Imperial Age
37:49 Masonry
38:20 Conscription
37:42 Hussar
38:25 Bracer
39:26 Blast Furnace
38:39 Double Crossbow
39:26 Plate Barding Armor
38:38 Cavalier
41:37 Chemistry
809591945
6:37 Loom
9:20 Feudal Age
9:51 Town Watch
10:29 Double-Bit Axe
19:40 Castle Age
18:22 Stone Mining
24:01 Fletching
24:51 Wheelbarrow
24:24 Scale Barding Armor
24:59 Husbandry
25:09 Bloodlines
25:27 Bow Saw
25:56 Bodkin Arrow
26:15 Gold Mining
31:09 Horse Collar
33:48 Padded Archer Armor
36:27 Imperial Age
34:58 Ballistics
36:00 Heavy Plow
36:46 Thumb Ring
37:37 Bracer
38:49 Chemistry
38:05 Pikeman
38:47 Squires
39:19 Parthian Tactics
39:56 Light Cavalry
一条固执的鱼
9:51 Feudal Age
10:58 Loom
11:20 Double-Bit Axe
15:35 Fletching
18:15 Gold Mining
23:07 Castle Age
21:30 Padded Archer Armor
21:30 Stone Mining
22:15 Horse Collar
23:30 Crossbowman
24:07 Bodkin Arrow
24:35 Bow Saw
26:31 Ballistics
26:39 Leather Archer Armor
32:00 Wheelbarrow
35:44 Imperial Age
34:39 Heavy Plow
36:48 Hand Cart
35:56 Arbalester
38:23 Chemistry
37:23 Murder Holes
37:17 Pikeman
37:58 Squires
38:33 Scale Mail Armor
39:07 Halberdier
cerulean0426
0:49 Loom
12:19 Feudal Age
18:48 Castle Age
16:47 Fishing Lines
17:26 Double-Bit Axe
18:53 Bloodlines
23:22 Husbandry
25:03 Horse Collar
27:30 Bow Saw
27:30 Stone Mining
27:44 Town Watch
28:12 Gold Mining
29:12 Wheelbarrow
29:28 Forging
29:23 Scale Barding Armor
30:10 Scale Barding Armor
30:02 Gillnets
35:53 Imperial Age
33:28 Fletching
33:59 Chain Barding Armor
33:59 Medium Warships
34:51 Ballistics
34:53 Careening
35:02 Clinker Construction
36:00 Devotion
36:23 Bodkin Arrow
37:45 Chemistry
37:33 Shipwright
37:10 Cavalier
39:37 Two-Man Saw
38:12 Elite Cannon Galleon
Connection lost

Rejoining the realm…

Still unreachable

The connection could not be restored.

Session expired

The server has moved on; the page needs a fresh start.